 Dungeon Crawl Stone Soup version 0.19.0-11-g3fc08b3 (webtiles) character file.

169 Kirk the Chopper (level 5, 18/38 HPs)
             Began as a Demonspawn Gladiator on Nov 8, 2016.
             Quit the game on level 2 of the Dungeon.
             The game lasted 00:04:03 (1759 turns).

Kirk the Chopper (Demonspawn Gladiator)             Turns: 1759, Time: 00:04:04

Health: 18/38      AC: 13    Str: 16    XL:     5   Next: 25%
Magic:  5/5        EV: 12    Int:  9    God:
Gold:   62         SH:  0    Dex: 14    Spells: 0 memorised, 4 levels left

rFire  . . .     SeeInvis .     a - +0 war axe
rCold  . . .     Gourm    .     b - +0 leather armour
rNeg   . . .     Faith    .     (no shield)
rPois  .         Spirit   .     c - +0 helmet
rElec  .         Reflect  .     (no cloak)
rCorr  .         Harm     .     (no gloves)
MR     .....                    (no boots)
Stlth  +.........               (no amulet)
                                (no ring)
                                (no ring)

@: sanguine armour
A: hooves 1, spiny 1, sanguine armour 2
a: no special abilities


You were on level 2 of the Dungeon.
You were not hungry.

You visited 1 branch of the dungeon, and saw 3 of its levels.

You collected 62 gold pieces.

Inventory:

Hand Weapons
 a - a +0 war axe (weapon)
Missiles
 d - 3 throwing nets (quivered)
 i - 6 tomahawks
Armour
 b - a +0 leather armour (worn)
 c - a +0 helmet (worn)
 l - a +0 plate armour
Wands
 m - a wand of acid (8/15)
Scrolls
 e - 5 scrolls of remove curse {unknown}
 g - a scroll of noise {unknown}
 h - a scroll of immolation {unknown}
 o - a scroll of enchant weapon {unknown}
 p - a scroll of identify {unknown}
Potions
 j - a potion of curing {unknown}
Comestibles
 f - 2 bread rations
 k - a royal jelly
 n - 2 meat rations


   Skills:
 - Level 2.0 Fighting
 + Level 5.0 Axes
 - Level 1.7 Throwing
 + Level 1.6 Armour
 - Level 2.6 Dodging


You had 4 spell levels left.
You didn't know any spells.

Dungeon Overview and Level Annotations

Branches:
Dungeon (3/15)

Altars:
Nemelex Xobeh


Innate Abilities, Weirdness & Mutations

You have large cloven feet.
You are partially covered in sharp spines.
When seriously injured, your bleeding wounds create thick armour. (AC +9)


Message History

You hit the phantom but do no damage. Your kick misses the phantom.
The phantom is severely damaged.
The phantom hits you.
The phantom blinks!
The phantom blinks!
There is an open door here.
The phantom blinks!
You closely miss the phantom.
The phantom is severely damaged.
The phantom closely misses you.
The phantom hits you but does no damage.
You barely miss the phantom. Your kick misses the phantom.
The phantom is severely damaged.
The phantom barely misses you.
You slash the phantom!
You destroy the phantom!
Your Axes skill increases to level 5!
You have reached level 5!
Your demonic ancestry asserts itself...
Sharp spines emerge from parts of your body.
Are you sure you want to abandon this character and quit the game? (Confirm with "yes".)

######...## #...#.....##
#'#.#.#.#..#######
##.#...#.##.......# ######
##..#####..##..###.# .....##
####.....).....##.# #.# #.....#
#.'...♣..<..♣.....# #.# #....(#
#.##...........#### #.# #.....#
##.###.@#####..##.####.# #.....#
#..# ##.##..#.##....†..#
#.....####.#####'##..#.###.######
..............>...#.#....#.# ####
#......#########..#.#..#.#.# #...
.......# ##.#.#..#.#.# #.##
##.....# ##.#.#.##.#.###.#
.......# ###.##.#....#.....#
.#.....#######.÷.##...###########


There were no monsters in sight!

Vanquished Creatures
  A phantom (D:2)
  4 adders (D:2)
  An ooze (D:2)
  A worm (D:2)
  2 dart slugs (D:2)
  3 leopard geckos (D:2)
  3 giant cockroaches
  4 goblins
  2 hobgoblins
  3 jackals (D:2)
  A quokka (D:2)
  A ball python (D:1)
  4 bats (D:2)
  A frilled lizard (D:1)
  7 kobolds
  A rat (D:2)
39 creatures vanquished.

Notes
Turn   | Place    | Note
-------+----------+-------------------------------------------
     0 | D:1      | Kirk the Demonspawn Gladiator began the quest for the Orb.
     0 | D:1      | Reached XP level 1. HP: 16/16 MP: 1/1
   190 | D:1      | Reached skill level 3 in Axes
   353 | D:1      | Found a sparkling altar of Nemelex Xobeh.
   378 | D:1      | Gained mutation: When seriously injured, your bleeding wounds create armour. (AC +9) [demonic ancestry]
   378 | D:1      | Reached XP level 2. HP: 18/22 MP: 2/2
   763 | D:2      | Gained mutation: When seriously injured, your bleeding wounds create thick armour. (AC +9) [demonic ancestry]
   763 | D:2      | Reached XP level 3. HP: 27/27 MP: 3/3
   823 | D:2      | Reached skill level 4 in Axes
  1186 | D:2      | Gained mutation: You have large cloven feet. [demonic ancestry]
  1186 | D:2      | Reached XP level 4. HP: 10/33 MP: 4/4
  1558 | D:2      | Reached skill level 1 in Armour
  1727 | D:3      | Noticed a phantom
  1756 | D:2      | Killed a phantom
  1756 | D:2      | Reached skill level 5 in Axes
  1756 | D:2      | Gained mutation: You are partially covered in sharp spines. [demonic ancestry]
  1756 | D:2      | Reached XP level 5. HP: 17/38 MP: 5/5
  1759 | D:2      | Quit the game

Skill      XL: |  1  2  3  4 |
---------------+-------------+-----
Axes           | 3 4 5 |  5.0
Armour         | 1 |  1.6
Fighting       | |  2.0
Throwing       | |  1.7
Dodging        | |  2.6

Action                   |  1- 3 |  4- 6 || total
-------------------------+-------+-------++-------
Melee: War axe           |   117 |    37 ||   154
       Kick              |       |    10 ||    10
 Stab: Sleeping          |     2 |       ||     2
  Eat: Chunk             |     1 |     2 ||     3
Armor: Leather armour    |    42 |    12 ||    54
Dodge: Dodged            |   100 |    32 ||   132
